 Dungeon Crawl Stone Soup version 0.20-a0-1074-g6a0a8e1 (webtiles) character file.

62728 JeffiDaFish the Peltast (level 15, -9/87 HPs)
             Began as a Gargoyle Fighter on Apr 28, 2017.
             Was the Champion of Okawaru.
             Mangled by a large abomination (20 damage)
             ... on level 3 of the Abyss on Apr 29, 2017.
             The game lasted 00:43:29 (18200 turns).

JeffiDaFish the Peltast (Gargoyle Fighter)         Turns: 18200, Time: 00:43:31

Health: -9/87      AC: 43    Str: 24    XL:     15   Next: 7%
Magic:  15/15      EV:  7    Int: 12    God:    Okawaru [******]
Gold:   1299       SH:  0    Dex: 19    Spells: 14/14 levels left

rFire    . . .     SeeInvis .   i - +3 flail (vamp)
rCold    + . .     Gourm    .   u - +0 large shield
rNeg     + . .     Faith    .   E - +2 plate armour {rC+}
rPois    ∞         Spirit   .   C - +2 helmet
rElec    +         Reflect  +   B - +2 cloak of Kaotisu {Stlth+}
rCorr    .         Harm     .   p - +2 pair of gloves
MR       +....     Rnd*Tele +   x - +2 pair of boots
Stlth    ..........             F - amulet "Ryhot" {Reflect *Slow Int+4 Dex+5 SH+3}
Regen    0.3/turn               (no ring)
MPRegen  0.2/turn               (no ring)

@: confused, flying
A: big wings, talons 1, frail 1, negative energy resistance 1, electricity
resistance, strong 1, teleportitis 1, unbreathing, petrification resistance, rot
immunity, AC +11
a: Stop Flying, Heroism, Finesse, Renounce Religion


You were on level 3 of the Abyss.
You worshipped Okawaru.
Okawaru was exalted by your worship.
You were near starving.

You visited 2 branches of the dungeon, and saw 20 of its levels.
You visited the Abyss 1 time.
You also visited: Sewer.

You collected 1299 gold pieces.

Inventory:

Hand Weapons
 i - a +3 vampiric flail (weapon)
Armour
 p - a +2 pair of gloves (worn)
 u - a +0 large shield (worn)
 x - a +2 pair of boots (worn)
 B - the +2 cloak of Kaotisu (worn) {Stlth+}
   (Okawaru gifted it to you on level 6 of the Lair of Beasts)

   It makes you more stealthy.
 C - a +2 helmet (worn)
 E - a +2 plate armour of cold resistance (worn)
Jewellery
 F - the amulet "Ryhot" (around neck) {Reflect *Slow Int+4 Dex+5 SH+3}
   (You found it on level 6 of the Lair of Beasts)

   [amulet of reflection]

   It shields you and reflects attacks.
   It affects your intelligence (+4).
   It affects your dexterity (+5).
   It may slow you when you take damage.
   It affects your SH (+3).
Wands
 d - a wand of scattershot (8/9)
Scrolls
 a - 4 scrolls of blinking
 e - 15 scrolls of identify
 g - 3 scrolls of fear
 j - a scroll of magic mapping
 l - 13 scrolls of teleportation
 m - 4 scrolls of fog
 s - a scroll of recharging
 t - 5 scrolls of remove curse
 z - a scroll of amnesia
Potions
 c - 2 potions of heal wounds
 n - 4 potions of magic
 o - 2 potions of might
 q - 5 potions of haste
 r - a potion of brilliance
 A - 5 potions of berserk rage
 D - a potion of curing
Books
 w - a book of Power

   Spells                             Type                      Level
   a - Iskenderun's Battlesphere      Conjuration/Charms           5
   b - Venom Bolt                     Conjuration/Poison           5
   c - Bolt of Magma                  Conjuration/Fire/Earth       5
   d - Iron Shot                      Conjuration/Earth            6
   e - Orb of Destruction             Conjuration                  7
   f - Spellforged Servitor           Conjuration/Summoning        7
 y - a book of Geomancy

   Spells                             Type                      Level
   a - Sandblast                      Earth                        1
   b - Passwall                       Transmutation/Earth          2
   c - Stone Arrow                    Conjuration/Earth            3
   d - Petrify                        Transmutation/Earth          4
   e - Lee's Rapid Deconstruction     Earth                        5
Comestibles
 f - 12 bread rations
 h - 17 fruits
 k - 19 royal jellies
 v - 10 meat rations


   Skills:
 + Level 12.6 Fighting
 + Level 14.6 Maces & Flails
 + Level 12.6 Armour
 + Level 2.3 Dodging
 + Level 2.4 Stealth
 + Level 15.1 Shields


You had 14 spell levels left.
You didn't know any spells.

Dungeon Overview and Level Annotations

Branches:
Dungeon (14/15)            Temple (0/1) D:7            Lair (6/6) D:9
  Swamp (0/4) Lair:3        Snake (0/4) Lair:2        Slime (0/5) Lair:6
    Orc (0/2) D:9          Vaults (0/5) D:13

Altars:
Ashenzari
Elyvilon
Fedhas
Kikubaaqudgha
Nemelex Xobeh
Okawaru
Qazlal
Ru
Sif Muna
Trog
Uskayaw
Vehumet
Xom
Zin
The Shining One

Shops:
D:12 }

Annotations:
D:14 Louise


Innate Abilities, Weirdness & Mutations

You are resistant to torment.
Your stone body is resilient. (AC +11)
You are immune to poison.
Your large and strong wings let you fly indefinitely.
You resist negative energy. (rN+)
You are resistant to electric shocks. (rElec)
You can survive without breathing.
You are immune to petrification.
You are immune to rotting.
You have sharp toenails.
You are frail. (-10% HP)
Your muscles are strong. (Str +2)
You are occasionally teleported next to monsters.


Message History

The worldbinder hits you but does no damage. x2
The wind drake bites you but does no damage.
The large abomination closely misses you.
The golden eye blinks!
The vampire mosquito closely misses you.
The worldbinder barely misses you.
The worldbinder hits you but does no damage.
You bump into the rock wall.
The vampire mosquito disappears in a puff of smoke!
The thrashing horror tramples you.
* * * LOW HITPOINT WARNING * * *
You hold your ground!
The thrashing horror tramples you but does no damage.
The wind drake bites you but does no damage.
The golden eye blinks!
The worldbinder barely misses you.
The worldbinder hits you but does no damage.
The thrashing horror tramples you but does no damage.
The thrashing horror closely misses you.
The large abomination hits you!!
You die...

. ...... #. ..?
.... ...... . .
.. .... .# .
##......######
..#. ..
...###.#.## ... .
.........G.. . .
. .. ##§..y# . #
... .##..Xx##
...#...G..##vk@§#
.. . ..####X###
.#.## .h .####X #
.. ...#.wh##.# .
....
.......x......♣
......♣♣♣....[..
..≈ .. .....≈
♣♣♣♣... .≈ ... ♣♣
♣♣.. ...# ...♣ ..
♣..


You could see a tentacled starspawn, a wind drake shaped shifter, an ancient
zyme, a thrashing horror, a large abomination, a worldbinder, a raiju, a vampire
mosquito, a starspawn tentacle, an insubstantial wisp and a golden eye.

Vanquished Creatures
  8 vault guards (D:13)
  5 hydras
  A catoblepas (Lair:6)
  A death knight (D:12)
  A centaur warrior (D:13)
  4 two-headed ogres
  7 death yaks
  An unseen horror (D:12)
  Pikel (D:7)
  2 oklob plants (Lair:6)
  An ugly thing (D:12)
  2 cyclopes (D:11)
  A centaur zombie (D:11)
  6 elephants
  2 black mambas (Lair:6)
  A torpor snail (Lair:3)
  17 spiny frogs
  A large abomination (Abyss:3)
  A gargoyle (D:13)
  An ancient zyme (Abyss:3)
  4 komodo dragons
  3 freezing wraiths
  3 rime drakes
  17 blink frogs
  5 tyrant leeches (Lair:6)
  A meliai (D:13)
  4 trolls
  A hornet (D:8)
  4 dream sheep (Lair:3)
  6 slime creatures
  9 hippogriffs
  Sigmund (D:3)
  33 yaks
  2 wraiths (D:12)
  5 wyverns
  Eustachio (D:5)
  A vampire (D:10)
  A basilisk (Lair:2)
  A hungry ghost (Abyss:3)
  13 vampire mosquitoes
  4 nagas (Lair:2)
  Edmund (D:5)
  12 water moccasins
  8 porcupines
  12 orc warriors
  An ice beast (D:10)
  An eye of draining (D:12)
  3 phantoms
  A hornet zombie (D:9)
  2 sky beasts
  A black bear (shapeshifter) (D:14)
  3 black bears
  13 wolves
  8 ogres
  8 centaurs
  13 crocodiles
  3 big kobolds
  26 bullfrogs
  2 gnoll sergeants
  Blork the orc (D:4)
  3 scorpions
  8 killer bees
  8 wights
  7 howler monkeys
  2 crimson imps
  3 quasits
  7 hounds
  5 jellies
  3 bullfrog zombies
  4 orc priests
  2 bullfrog skeletons
  3 centaur skeletons
  Ijyb (D:3)
  Jessica (D:2)
  5 iguanas
  A hell rat (D:9)
  7 worker ants
  13 orc wizards
  Terence (D:2)
  5 hound skeletons
  14 gnolls
  14 adders
  A howler monkey skeleton (D:4)
  2 river rats
  4 shadow imps
  7 oozes
  An adder skeleton (D:5)
  7 worms
  3 dart slugs (D:2)
  10 leopard geckos
  56 orcs
  5 ball pythons
  10 bats
  5 giant cockroaches
  6 goblins
  2 hobgoblins
  9 jackals
  4 quokkas
  7 frilled lizards
  2 giant cockroach zombies (D:6)
  A jackal skeleton (D:5)
  A jackal zombie (D:7)
  18 kobolds
  A leopard gecko skeleton (D:5)
  A quokka skeleton (D:9)
  18 rats
  A lurking horror (Abyss:3)
601 creatures vanquished.

Vanquished Creatures (others)
  A bullfrog (D:7)
  A quokka (D:7)
  4 fungi
  25 plants
31 creatures vanquished.

Grand Total: 632 creatures vanquished

Notes
Turn   | Place    | Note
-------+----------+-------------------------------------------
     0 | D:1      | JeffiDaFish the Gargoyle Fighter began the quest for the Orb.
     0 | D:1      | Reached XP level 1. HP: 14/14 MP: 1/1
   101 | D:1      | Reached XP level 2. HP: 19/19 MP: 2/2
   383 | D:1      | Found a glowing golden altar of the Shining One.
   387 | D:1      | Reached XP level 3. HP: 21/23 MP: 3/3
   689 | D:2      | Noticed Terence
   697 | D:2      | Killed Terence
   697 | D:2      | Reached XP level 4. HP: 18/29 MP: 4/4
   918 | D:2      | Reached skill level 4 in Shields
  1264 | D:2      | Found a deep blue altar of Sif Muna.
  1275 | D:2      | Noticed Jessica
  1281 | D:2      | Killed Jessica
  1321 | D:2      | Reached XP level 5. HP: 33/33 MP: 5/5
  1624 | D:3      | Noticed Ijyb
  1640 | D:3      | Killed Ijyb
  1723 | D:3      | Noticed Sigmund
  1760 | D:3      | Reached XP level 6. HP: 38/38 MP: 6/6
  1787 | D:3      | Killed Sigmund
  1804 | D:3      | Found a hide-covered altar of Uskayaw.
  1974 | D:3      | Reached skill level 5 in Maces & Flails
  2279 | D:4      | Reached XP level 7. HP: 43/43 MP: 7/7
  2287 | D:4      | Found a glowing drain.
  2306 | Sewer    | Entered a sewer
  2478 | Sewer    | Reached skill level 5 in Shields
  2743 | D:4      | Found a blossoming altar of Fedhas.
  2879 | D:4      | Found a radiant altar of Vehumet.
  2953 | D:4      | Reached XP level 8. HP: 48/48 MP: 8/8
  3015 | D:4      | Noticed Blork the orc
  3027 | D:4      | Killed Blork the orc
  3044 | D:4      | Found a sparkling altar of Nemelex Xobeh.
  3044 | D:4      | Found a glowing golden altar of the Shining One.
  3044 | D:4      | Found a stormy altar of Qazlal.
  3149 | D:4      | Found an iron altar of Okawaru.
  3299 | D:5      | Entered Level 5 of the Dungeon
  3334 | D:5      | Noticed Edmund
  3358 | D:5      | Killed Edmund
  3358 | D:5      | Reached skill level 5 in Fighting
  3358 | D:5      | Reached skill level 5 in Armour
  3484 | D:5      | Reached skill level 6 in Shields
  3526 | D:5      | Noticed Eustachio
  3567 | D:5      | Killed Eustachio
  3632 | D:5      | Reached XP level 9. HP: 39/55 MP: 9/9
  3658 | D:5      | Found a shattered altar of Ashenzari.
  3811 | D:4      | Became a worshipper of Warmaster Okawaru
  3816 | D:4      | You fall through a shaft for 2 floors!
  4802 | D:6      | Found a white marble altar of Elyvilon.
  4802 | D:6      | Found an ancient bone altar of Kikubaaqudgha.
  4916 | D:7      | Noticed Pikel
  4937 | D:7      | Killed Pikel
  4937 | D:7      | Reached * piety under Okawaru
  4939 | D:7      | Reached skill level 7 in Shields
  5046 | D:7      | Found a sacrificial altar of Ru.
  5127 | D:7      | Found a staircase to the Ecumenical Temple.
  5225 | D:7      | Reached ** piety under Okawaru
  5496 | D:8      | Reached skill level 10 in Maces & Flails
  5496 | D:8      | Reached XP level 10. HP: 61/61 MP: 10/10
  5578 | D:8      | Found a shimmering altar of Xom.
  5911 | D:8      | Noticed a two-headed ogre
  5918 | D:8      | Killed a two-headed ogre
  5918 | D:8      | Reached *** piety under Okawaru
  6416 | D:8      | Noticed a moth of wrath
  6419 | D:8      | Found a bloodstained altar of Trog.
  6674 | D:9      | Reached skill level 1 in Stealth
  6786 | D:9      | Found a staircase to the Orcish Mines.
  6817 | D:9      | Noticed a death yak
  6824 | D:9      | Noticed a death yak
  6825 | D:9      | Noticed a death yak
  6843 | D:9      | Killed a death yak
  6843 | D:9      | Reached **** piety under Okawaru
  6843 | D:9      | Reached skill level 8 in Shields
  6861 | D:9      | Killed a death yak
  6861 | D:9      | Reached XP level 11. HP: 50/68 MP: 11/11
  6878 | D:9      | Killed a death yak
  6887 | D:9      | Reached ***** piety under Okawaru
  7091 | D:9      | Found a staircase to the Lair.
  7591 | Lair:1   | Entered Level 1 of the Lair of Beasts
  7681 | Lair:1   | Gained mutation: You are occasionally teleported next to monsters. [potion of mutation]
  7681 | Lair:1   | Gained mutation: You are frail. (-10% HP) [potion of mutation]
  7681 | Lair:1   | Gained mutation: You have sharp toenails. [potion of mutation]
  7681 | Lair:1   | Gained mutation: Your muscles are strong. (Str +2) [potion of mutation]
  8130 | Lair:1   | Noticed a six-headed hydra
  8145 | Lair:1   | Killed a six-headed hydra
  8145 | Lair:1   | Received a gift from Okawaru
  8145 | Lair:1   | Reached skill level 9 in Shields
  9338 | Lair:2   | Found a staircase to the Snake Pit.
  9772 | Lair:3   | Reached skill level 10 in Armour
  9774 | Lair:3   | Reached skill level 1 in Dodging
  9777 | Lair:3   | Reached XP level 12. HP: 61/68 MP: 12/12
  9786 | Lair:3   | Found a staircase to the Swamp.
 10245 | Lair:3   | Found a glowing silver altar of Zin.
 10703 | Lair:4   | Reached skill level 10 in Shields
 10751 | Lair:4   | Received a gift from Okawaru
 11531 | Lair:4   | Received a gift from Okawaru
 11531 | Lair:4   | Reached skill level 10 in Fighting
 11552 | Lair:4   | Got a pair of faintly humming gloves {god gift}
 11563 | Lair:4   | Identified the +0 pair of gloves "Atilate" {+Blink} (Okawaru gifted it to you on level 4 of the Lair of Beasts)
 11563 | Lair:4   | Identified a scroll of acquirement
 11774 | Lair:5   | Reached skill level 11 in Shields
 11784 | Lair:5   | Reached ****** piety under Okawaru
 12273 | Lair:5   | Reached XP level 13. HP: 71/73 MP: 13/13
 12735 | Lair:6   | Entered Level 6 of the Lair of Beasts
 13147 | Lair:6   | Reached skill level 12 in Shields
 13208 | Lair:6   | Received a gift from Okawaru
 13624 | Lair:6   | Received a gift from Okawaru
 13646 | Lair:6   | Got a heavily runed cloak {god gift}
 13652 | Lair:6   | Identified the +2 cloak of Kaotisu {Stlth+} (Okawaru gifted it to you on level 6 of the Lair of Beasts)
 13777 | Lair:6   | Reached skill level 13 in Shields
 13777 | Lair:6   | Gained mutation: Your large and strong wings let you fly indefinitely. [Gargoyle growth]
 13777 | Lair:6   | Reached XP level 14. HP: 77/81 MP: 14/14
 13921 | Lair:6   | Got a clouded copper amulet
 13922 | Lair:6   | Found a staircase to the Slime Pits.
 13924 | Lair:6   | Identified the amulet "Ryhot" {Reflect *Slow Int+4 Dex+5 SH+3} (You found it on level 6 of the Lair of Beasts)
 14033 | Lair:6   | Got a transparent jade amulet
 14046 | Lair:6   | Identified the amulet "Keiciu" {Regen+ Str-2 Int+4 SInv Stlth+} (You found it on level 6 of the Lair of Beasts)
 14749 | D:10     | Entered Level 10 of the Dungeon
 16205 | D:12     | Found Wupsoly's Gadget Emporium.
 16213 | D:12     | Upgraded the game from 0.20-a0-1066-ga910694 to 0.20-a0-1074-g6a0a8e1
 16539 | D:12     | Received a gift from Okawaru
 16539 | D:12     | Reached skill level 14 in Shields
 17003 | D:13     | Found a gate to the Vaults.
 17173 | D:13     | Received a gift from Okawaru
 17584 | D:13     | Reached XP level 15. HP: 87/87 MP: 15/15
 17823 | D:13     | Reached skill level 15 in Shields
 17976 | D:14     | Noticed Louise
 18022 | D:14     | Cast into level 3 of the Abyss (Louise)
 18022 | Abyss:3  | Found a corrupted altar of Lugonu.
 18182 | Abyss:3  | Noticed a tentacled starspawn
 18200 | Abyss:3  | Mangled by a large abomination

Vault maps used:
D:1:      minmay_arrival_loop, tso_altar
D:2:      led_sif_pool, first_bread, uniq_terence, uniq_jessica
D:3:      eat_drink_and_be_merry_uskayaw, uniq_ijyb, uniq_sigmund
D:4:      nicolae_overflow_hidden_temple, old_standard_altar,
          gammafunk_temple_overflow_forgotten, old_standard_altar,
          cheibrodos_sewer_entry_sluice, dk_noncrumbling_3,
          kennysheep_generic_room_14, uniq_blork_the_orc
D:5:      ashenzari_conservatory_becter, uniq_eustachio, uniq_edmund
D:6:      gammafunk_temple_overflow_wave, glass_columns_a,
          kennysheep_decorative_pillar, minivault_22
D:7:      lemuel_crystal_altar, temple_fountains, uniq_pikel
D:8:      xom_teletrap_fun, tgw_trog
D:9:      dpeg_lair_monsters, david_orc_4
D:12:     serial_shops, nicolae_shop_crystal
D:13:     erik_vaults_2, hangedman_little_slice_of_home,
          hangedman_decor_clover_reticule
D:14:     special_room, kennysheep_generic_room_3, uniq_louise
Lair:2:   minmay_snake_entry_guardpost_medium, serial_bayou_shore_b,
          lemuel_fruit_fields
Lair:3:   minmay_swamp_entry_swarm, basic_altar, nicolae_quartered_pool_super
Lair:4:   lemuel_fruit_fields
Lair:5:   beast_lair_carwin_10
Lair:6:   minmay_lair_end_frog_pond, slime_dummy, minmay_lair_oklob_chamber
Abyss:3:  evilmike_abyss_exit_vortex
Sewer:    sewer_co_15_rooms

Skill      XL: |  1  2  3  4  5  6  7  8  9 10 11 12 13 14 15 |
---------------+----------------------------------------------+-----
Maces & Flails | 3 4 5 6 7 10 11 12 13 14 | 14.6
Shields        | 4 5 6 7 8 9 11 13 14 15 | 15.1
Armour         | 4 5 6 8 10 11 12 | 12.6
Fighting       | 4 5 6 8 9 10 11 12 | 12.6
Stealth        | 1 2 |  2.4
Dodging        | 1 2 |  2.3

Action                   |  1- 3 |  4- 6 |  7- 9 | 10-12 | 13-15 || total
-------------------------+-------+-------+-------+-------+-------++-------
Melee: Flail             |    94 |   136 |   402 |       |  1758 ||  2390
       Whip              |       |       |    68 |   767 |       ||   835
       Eveningstar       |       |       |       |    77 |     3 ||    80
 Abil: Fly               |       |       |       |       |     1 ||     1
  Use: Scroll            |     3 |     3 |     7 |    11 |    12 ||    36
       Potion            |     1 |     5 |     4 |     3 |     6 ||    19
  Eat: Chunk             |       |     5 |    11 |    46 |    18 ||    80
Armor: Scale mail        |    46 |    10 |       |       |       ||    56
       Plate armour      |       |    76 |   234 |   361 |   955 ||  1626
       Skin              |       |       |     4 |       |       ||     4
Dodge: Dodged            |    22 |    25 |    48 |   120 |   382 ||   597
Block: Shield            |    54 |    68 |   184 |   355 |  1022 ||  1683
       Large shield      |       |       |       |       |   248 ||   248
       Reflection        |       |       |       |       |    12 ||    12
